 Dungeon Crawl Stone Soup version 0.30.1 (webtiles) character file.

Game seed: 10352121373693345270

7068 Graphine the Grappler (level 10, 0/150 HPs)
             Began as a Troll Transmuter on July 5, 2023.
             Was an Initiate of Gozag.
             Slain by a gnoll sergeant
             ... wielding a +0 bardiche
              (2 damage)
             ... in a bailey.
             The game lasted 00:18:40 (7348 turns).

Graphine the Grappler (Troll Transmuter)            Turns: 7348, Time: 00:18:41

Health: 0/150      AC: 29    Str: 20    XL:     10   Next: 83%
Magic:  10/10      EV:  1    Int: 13    God:    Gozag
Gold:   1329       SH:  0    Dex: 10    Spells: 10/11 levels left

rFire   . .          .
                       - Unarmed
rCold   . . .        (no shield)
rNeg    . . .        j - melded +2 swamp dragon scales
rPois   +            (helmet currently unavailable)
rElec   .            y - melded +2 cloak
rCorr   .            (gloves unavailable)
SInv    .            (boots unavailable)
Will    .....        (no amulet)
Stlth   +            l - +4 ring of protection
HPRegen 1.25/turn    p - ring of flight
MPRegen 0.12/turn

%: no passive effects
@: tree-form (expiring), weakened, gold aura, attractive
A: stationary, stasis, torment immunity, boosted hp, large, unfitting armour,
(claws 3), regeneration 1, (shaggy fur 1), (tough skin 1)
a: Renounce Religion, Potion Petition, Call Merchant, Bribe Branch


You were in a bailey.
You worshipped Gozag.
Gozag was most pleased with you.
You were a tree.
You visited 2 branches of the dungeon, and saw 10 of its levels.
You also visited: Bailey.

You collected 1436 gold pieces.
You paid 107 gold pieces to Gozag.

Inventory:

Missiles
 v - 6 throwing nets
Armour
 a - a +1 robe
 j - +2 swamp dragon scales (melded)
 y - a +2 cloak (melded)
Magical Staves
 w - a staff of cold
Jewellery
 l - a +4 ring of protection (left branch)
 p - a ring of flight (right branch)
 q - a ring of poison resistance
Wands
 d - a wand of mindburst (13)
 h - a wand of polymorph (4)
 r - a wand of paralysis (14)
Scrolls
 e - a scroll of identify
 s - a scroll of teleportation
Potions
 c - 3 potions of flight
 f - 2 potions of cancellation
 g - 5 potions of brilliance
 i - a potion of curing
 k - a potion of attraction
 m - a potion of ambrosia
 n - a potion of degeneration
 o - 2 potions of resistance
 u - a potion of mutation


   Skills:
 + Level 6.6 Fighting
 + Level 4.1 Armour
 + Level 6.8 Dodging
 * Level 11.7 Unarmed Combat
 - Level 1.2 Spellcasting
 - Level 1.3 Transmutations


You had 10 spell levels left.
You knew the following spells:

 Your Spells              Type           Power      Damage    Failure   Level
a - Beastly Appendage     Tmut           8%         N/A       16%         1

Your spell library contained the following spells:

 Spells                   Type           Power      Damage    Failure   Level
 Wereblood                Tmut           4%         N/A       24%         2
 Apportation              Tloc           0%         N/A       28%         1
 Necrotise                Necr           0%         1d4       28%         1
 Sandblast                Erth           0%         2d4       28%         1
 Shock                    Conj/Air       0%         1d3       28%         1
 Summon Small Mammal      Summ           0%         N/A       28%         1
 Passwall                 Tmut/Erth      1%         N/A       30%         2
 Lesser Beckoning         Tloc           0%         N/A       38%         2
 Scorch                   Fire           0%         2d5       38%         2
 Static Discharge         Conj/Air       0%         2-2/arc   38%         2
 Spider Form              Tmut/Pois      2%         N/A       52%         3
 Gell's Gravitas          Tloc           0%         N/A       63%         3
 Ozocubu's Armour         Ice            0%         N/A       63%         3
 Stone Arrow              Conj/Erth      0%         3d7       63%         3
 Swiftness                Air            0%         N/A       63%         3
 Ice Form                 Ice/Tmut       2%         N/A       90%         4
 Airstrike                Air            0%         2d(0-16)  95%         4
 Flame Wave               Conj/Fire      0%         2d4       95%         4
 Summon Lightning Spire   Summ/Air       0%         N/A       95%         4
 Metabolic Englaciation   Hex/Ice        0%         N/A       100%        5
 Summon Forest            Summ/Tloc      0%         N/A       100%        5
 Summon Mana Viper        Hex/Summ       0%         N/A       100%        5
 Summon Cactus Giant      Summ           0%         N/A       100%        6
 Simulacrum               Ice/Necr       Unusable   N/A       N/A         6

Dungeon Overview and Level Annotations

Branches:
Dungeon (9/15)             Temple (1/1) D:5          Bailey (1/1)
   Lair: D:8-11         Orc: D:9-12

Altars:
Ashenzari
Cheibriados
Dithmenos
Elyvilon
Fedhas
Gozag
Kikubaaqudgha
Makhleb
Nemelex Xobeh
Okawaru
Qazlal
Ru
Sif Muna
Trog
Uskayaw
Wu Jian
Xom
Yredelemnul
Zin
The Shining One


Innate Abilities, Weirdness & Mutations

You are a tree.
Your roots penetrate the ground, keeping you stationary.
You cannot be teleported.
You are immune to unholy pain and torment.
Your maximum health is greatly increased.
Your equipment is partially melded.
You are too large for most types of armour.
((You have claws for hands.))
Your natural rate of healing is unusually fast.
((You are covered in fur. (AC +1)))
((You have tough skin. (AC +1)))


Message History

The wolf bites you.
* * * LOW HITPOINT WARNING * * *
The gnoll bouda is distracted by your dazzling golden aura.
The gnoll sergeant hits you but does no damage.
The wolf bites you but does no damage.
The gnoll sergeant hits you but does no damage.
You closely miss the wolf.
The wolf is almost dead.
Your transformation is almost over.
The wolf bites you but does no damage.
The gnoll sergeant hits you but does no damage.
Unknown command.
The gnoll bouda shouts!
You hit the wolf.
The wolf is almost dead.
The wolf bites you but does no damage.
The gnoll sergeant hits you from afar with a +0 bardiche!
* * * LOW HITPOINT WARNING * * *
The gnoll sergeant hits you but does no damage.
You hit the wolf.
You kill the wolf!
The gnoll is distracted by your dazzling golden aura.
The gnoll sergeant hits you from afar with a +0 bardiche.
* * * LOW HITPOINT WARNING * * *
The gnoll sergeant hits you but does no damage.
The gnoll sergeant is attracted toward you.
The gnoll is attracted toward you.
The gnoll bouda is attracted toward you.
The gnoll shouts!
You pummel the gnoll sergeant!!
The gnoll sergeant is almost dead.
The gnoll sergeant hits you from afar with a +0 bardiche!
* * * LOW HITPOINT WARNING * * *
You hit the gnoll sergeant.
The gnoll sergeant is almost dead.
The gnoll sergeant is no longer moving quickly.
The gnoll sergeant hits you but does no damage.
The gnoll sergeant hits you from afar with a +0 bardiche.
You die...
Your body crumbles into a pile of gold.

♣♣≈≈≈≈≈≈≈≈≈≈≈ ♣♣≈≈...#
###### ♣.≈))### #...8.##
♣.≈))# #......## ≈♣ ..≈..#
+.......# .≈♣ ..≈..#
#####.....# .≈♣ ..≈..#
##...##..).#..≈♣
..≈..######.....###)##..≈♣
.....)...#......♣#.g....≈♣
.).).'...')..8..$ggg§...≈♣
.....'.).#.......#gg....≈♣
..≈..######.....###$##..≈♣
..≈..# ##...##g.$.#..≈♣
..≈..# #####gg...# .≈♣
..≈..# ...g...$g.# .≈♣
♣.≈..#$ .........## ≈♣
♣.≈..# ......8.##


You could see 2 gnoll sergeants and 3 gnoll boudas.

Vanquished Creatures
  Pikel (D:7)
  Joseph (D:7)
  Maggie (D:6)
  Grinder (D:4)
  4 yaks (D:9)
  A steam dragon (D:7)
  3 black bears
  3 orc warriors
  2 ogres (D:5)
  4 wolves (Bailey)
  A centaur (D:5)
  A phantom (D:5)
  A lemure (D:7)
  Blork the orc (D:6)
  4 kobold brigands
  A bullfrog (D:8)
  3 gnoll sergeants (Bailey)
  2 scorpions (D:5)
  8 wights
  20 killer bees
  8 howler monkeys
  5 hounds
  4 gnoll boudas
  3 jellies
  6 orc priests
  A sleepcap (D:4)
  4 iguanas
  7 orc wizards
  Terence (D:3)
  Robin (D:3)
  13 adders
  34 gnolls
  A shadow imp (D:6)
  A white imp (D:7)
  An ufetubus (D:6)
  5 worms
  2 dart slugs
  23 orcs
  11 ball pythons
  8 endoplasms
  A giant cockroach (D:2)
  20 goblins
  12 hobgoblins
  5 jackals
  52 kobolds
  6 quokkas
  12 bats
  4 frilled lizards
  6 rats
320 creatures vanquished.

Vanquished Creatures (others)
  3 gnolls (D:7)
3 creatures vanquished.

Grand Total: 323 creatures vanquished

Notes
Turn   | Place    | Note
-------+----------+-------------------------------------------
     0 | D:1      | Graphine the Troll Transmuter began the quest for the Orb.
     0 | D:1      | Reached XP level 1. HP: 18/18 MP: 1/1
    79 | D:1      | Reached skill level 1 in Fighting
   171 | D:1      | Reached XP level 2. HP: 27/27 MP: 2/2
   422 | D:1      | Reached XP level 3. HP: 31/33 MP: 3/3
   794 | D:2      | Reached skill level 4 in Unarmed Combat
   916 | D:2      | Reached XP level 4. HP: 28/41 MP: 4/4
  1044 | D:2      | Found a shimmering altar of Xom.
  1308 | D:2      | Found a faded altar of an unknown god.
  1708 | D:3      | Reached XP level 5. HP: 13/49 MP: 5/5
  1830 | D:3      | Noticed Robin
  1848 | D:3      | Killed Robin
  1994 | D:3      | Noticed Terence
  2003 | D:3      | Killed Terence
  2004 | D:3      | Reached skill level 5 in Unarmed Combat
  2117 | D:3      | Reached XP level 6. HP: 45/59 MP: 6/6
  2437 | D:3      | Reached skill level 6 in Unarmed Combat
  2443 | D:3      | Reached XP level 7. HP: 48/67 MP: 7/7
  2919 | D:4      | Noticed Grinder
  2933 | D:4      | Paralysed by Grinder for 5 turns
  2957 | D:4      | Killed Grinder
  3333 | D:5      | Entered Level 5 of the Dungeon
  3405 | D:5      | Reached skill level 7 in Unarmed Combat
  3417 | D:5      | Identified the +0 pair of gloves of the Prince of Darkness
                  | {rPois rC+ Str-5 Dex+3}
  3455 | D:5      | Reached XP level 8. HP: 44/78 MP: 8/8
  3681 | D:5      | Found a staircase to the Ecumenical Temple.
  3686 | D:5      | Reached skill level 8 in Unarmed Combat
  3692 | Temple   | Entered the Ecumenical Temple
  3810 | Temple   | Became a worshipper of Gozag Ym Sagoz the Greedy
  4008 | D:5      | Got Viuseuc's Directory of the Door
  4525 | D:6      | Found a hide-covered altar of Uskayaw.
  4534 | D:6      | Reached skill level 5 in Dodging
  4613 | D:6      | Noticed Blork the orc
  4623 | D:6      | Killed Blork the orc
  4685 | D:6      | Identified the +0 trident of Arrival {heavy, SInv}
  4700 | D:6      | Noticed Maggie
  4709 | D:6      | HP: 2/79 [Maggie/+2 war axe of flaming (8)]
  4714 | D:6      | Killed Maggie
  4715 | D:6      | Reached skill level 9 in Unarmed Combat
  4715 | D:6      | Reached XP level 9. HP: 9/87 MP: 9/9
  4919 | D:6      | Reached skill level 5 in Fighting
  5296 | D:7      | Reached skill level 1 in Armour
  5360 | D:7      | Noticed Pikel
  5385 | D:7      | Killed Pikel
  5465 | D:7      | Reached skill level 10 in Unarmed Combat
  5570 | D:7      | Identified the +1 leather armour "Lefus" {rPois Will++
                  | Str+3}
  5654 | D:7      | Noticed Joseph
  5670 | D:7      | Killed Joseph
  5671 | D:7      | Reached XP level 10. HP: 63/98 MP: 10/10
  5704 | D:7      | Identified the +1 robe of Ignis's Felicitations {Int+3}
  6152 | D:8      | Found an iron altar of Okawaru.
  6743 | D:9      | Reached skill level 11 in Unarmed Combat
  7034 | D:9      | Found a flagged portal.
  7041 | Bailey   | Entered a bailey
  7347 | Bailey   | HP: 1/150 [gnoll sergeant/+0 bardiche (12)]
  7348 | Bailey   | Slain by a gnoll sergeant

Illustrated notes

Levels and vault maps discovered:
D:1:      dpeg_arrival_fog, layout_loops_ring, minmay_nonomino_d4
D:2:      minmay_razor_zed, layout_loops_ring, basic_altar,
          shapermc_ecumenical_altar_notcrosses
D:3:      minmay_goblin_kobold_castle, layout_basic, serial_glass,
          glass_columns_b, glass_columns_a, minmay_misc_feat_secret_circle,
          uniq_robin, uniq_terence
D:4:      layout_rooms, uniq_grinder
D:5:      layout_cave_pods, minmay_temple_entry_butterflies
D:6:      layout_loops_ring, nicolae_uskayaw_dance_studio,
          minmay_a_box_with_orc_wizards_in_it, uniq_maggie, uniq_blork_the_orc
D:7:      layout_cave_pools, uniq_joseph, uniq_pikel
D:8:      layout_cave_pools, kennysheep_little_box
D:9:      layout_roguey, mainiacjoe_overflow_cross_hatched, erik_lair_dragon,
          enter_bailey_4, minmay_strange_pillars, kennysheep_generic_room_14,
          uniq_erolcha
Temple:   dpeg_five_rooms_temple
Bailey:   bailey_polearm_gnolls_kennysheep, bailey

Skill      XL: |  1  2  3  4  5  6  7  8  9 10 |
---------------+-------------------------------+-----
Fighting       | 1 2 3 4 5 6 |  6.6
Dodging        | 2 3 4 5 6 |  6.8
Unarmed Combat | 4 5 6 7 9 10 11 | 11.7
Armour         | 2 4 |  4.1
Spellcasting   | |  1.2
Transmutations | |  1.3

Action                     |  1- 3 |  4- 6 |  7- 9 | 10-12 || total
---------------------------+-------+-------+-------+-------++-------
  Melee: Unarmed           |   126 |   272 |   294 |   302 ||   994
         Punch             |     3 |    11 |    12 |    13 ||    39
    Use: Scroll            |     4 |     6 |     7 |     7 ||    24
         Potion            |       |       |     4 |     6 ||    10
   Stab: Distracted        |     1 |       |       |     1 ||     2
         Sleeping          |       |       |     1 |       ||     1
         Invisible         |       |       |     1 |       ||     1
 Armour: Robe              |    56 |   123 |    47 |       ||   226
         Skin              |       |       |     1 |    52 ||    53
         Swamp dragon scal |       |       |    72 |   230 ||   302
  Dodge: Dodged            |    73 |   168 |   121 |   246 ||   608
